Map: Entombed Valley

Players

pta - Winner!

  • Race: Zerg Zerg
  • Spawn Location: 5:00

A.I. 1 (Very Hard)

  • Race: Terran Terran
  • Spawn Location: 1:00

VOD

Have the link to the VOD?

Description

Time

  • Played on: May 1, 2019, 8:52 p.m.
  • Length: 8:54
Show
View Real Time Build Order
Export as new Build Order

pta Zerg - Winner!

Build Orders: Pool First 

Get SALT Encoding   

  12  0:00  Drone  
  13  0:16  Drone  
  13  0:18  Overlord  
  14  0:35  Spawning Pool  
  13  0:39  Drone  
  14  0:47  Drone x2  
  16  0:59  Extractor  
  16  1:03  Extractor  
  14  1:05  Drone x2  
  16  1:13  Drone  
  17  1:22  Queen  
  17  1:25  Drone  
  20  1:33  Drone  
  21  1:46  Drone  
  22  2:01  Hatchery  
  21  2:04  Overlord  
  21  2:12  Drone  
  22  2:16  Lair  
  22  2:24  Drone  
  22  2:28  Drone  
  24  2:33  Zergling x4  
  24  2:35  Zergling x2  
  27  2:44  Metabolic Boost  
  27  2:46  Zergling x2  
  28  2:51  Drone  
  29  3:02  Overlord  
  29  3:13  Roach Warren  
  29  3:15  Zergling x4  
  30  3:29  Zergling x8  
  34  3:45  Zergling x6  
  37  3:56  Zergling x2  
  37  3:57  Zergling x2  
  34  4:25  Zergling x10  
  39  4:38  Zergling x4  
  41  4:57  Zergling x4  
  41  4:58  Zergling x2  
  44  5:09  Overlord  
  44  5:10  Overlord  
  33  5:49  Zergling x4  
  36  5:50  Zergling x14  
  36  6:11  Zergling x10  
  31  6:36  Zergling x14  
  31  6:37  Zergling x2  
  34  7:32  Zergling x18  
  34  7:33  Zergling x2  
  44  7:44  Zergling x2  
  44  7:45  Zergling x2  
  45  8:16  Zergling x12  
Show
View Real Time Build Order
Export as new Build Order

A.I. 1 (Very Hard) Terran 

Build Orders:  

Get SALT Encoding   

  12  0:00  SCV  
  13  0:13  SCV  
  14  0:18  Supply Depot  
  14  0:25  SCV  
  15  0:40  SCV  
  16  0:43  Barracks  
  16  0:52  SCV  
  17  1:04  SCV  
  18  1:16  SCV  
  18  1:17  Supply Depot  
  19  1:21  Refinery  
  19  1:28  SCV  
  19  1:30  Marine  
  21  1:40  SCV  
  22  1:47  Marine  
  22  1:51  Barracks  
  22  1:52  SCV  
  24  1:55  Refinery  
  24  2:00  Supply Depot  
  24  2:05  SCV, Marine  
  26  2:17  SCV  
  27  2:23  Marine  
  27  2:25  Factory  
  27  2:29  SCV  
  29  2:38  Marine  
  29  2:41  SCV, Marine  
  32  2:53  SCV  
  32  2:55  Marine  
  34  2:59  Marine  
  34  3:05  SCV, Barracks  
  36  3:13  Marine  
  36  3:17  Barracks Tech Lab, SCV  
  38  3:27  Starport  
  38  3:29  Factory Tech Lab, SCV  
  38  3:30  Supply Depot  
  38  3:32  Barracks Tech Lab  
  39  3:52  SCV, Marine  
  39  3:53  Marine  
  42  3:59  Stimpack  
  42  4:04  SCV, Combat Shield  
  43  4:16  SCV  
  44  4:28  SCV  
  45  4:39  Supply Depot  
  45  4:40  SCV  
  46  4:47  Supply Depot  
  46  4:52  SCV  
  47  5:01  Marauder, Hellion, Marine x2  
  47  5:04  SCV  
  53  5:17  Orbital Command  
  53  5:19  Marauder, Barracks Reactor  
  44  5:23  Hellion  
  44  5:24  Command Center  
  38  5:42  Marine  
  38  5:44  Hellion  
  38  5:45  Marine  
  30  5:59  Marine  
  30  6:00  Marine  
  21  6:06  Hellion  
  21  6:11  SCV  
  21  6:17  Marine  
  22  6:20  Marine  
  22  6:21  Marine  
  22  6:23  SCV  
  22  6:24  Marine  
  20  6:35  Marine  
  20  6:37  SCV  
  19  6:41  SCV  
  19  6:44  Marine  
  21  6:52  Marine  
  22  6:55  Marine  
  19  7:02  Marine  
  15  7:10  SCV  
  8  7:17  SCV  
  9  7:24  SCV  
  9  7:29  SCV  
  10  7:36  SCV  
  11  7:45  SCV  
  11  7:51  SCV  
  11  7:57  SCV  
  9  8:06  SCV  
  8  8:15  SCV  
  8  8:28  SCV  
Tags
 
Matchup
TvZ
Opening
Pool First
Spawn Locations
Close Positions
Add a new tag
Caveats
  • Supply blocks, unpowered buildings, or Contaminate may cause inaccurate times.
  • Supply counts are checked every 10 seconds.